Map: Ascension to Aiur LE

Players

Yata - Winner!

  • Race: Zerg Zerg
  • League: Platinum
  • Spawn Location: 11:00

A.I. 1 (Elite)

  • Race: Terran Terran
  • Spawn Location: 5:00

VOD

Have the link to the VOD?

Description

Time

  • Played on: Sept. 19, 2017, 10:37 p.m.
  • Length: 18:42
Show
View Real Time Build Order
Export as new Build Order

Yata Zerg - Winner!

Build Orders: Hatch First 

Get SALT Encoding   

  12  0:00  Drone  
  13  0:12  Overlord  
  13  0:20  Drone  
  14  0:30  Drone x2  
  14  0:34  Drone  
  17  0:53  Hatchery  
  16  0:57  Drone  
  16  1:01  Drone  
  18  1:11  Extractor  
  18  1:18  Spawning Pool  
  16  1:19  Drone  
  16  1:22  Drone  
  18  1:28  Drone  
  19  1:39  Overlord  
  19  1:51  Drone  
  20  2:00  Drone  
  21  2:04  Queen  
  21  2:06  Queen  
  25  2:11  Zergling x4  
  25  2:13  Metabolic Boost  
  27  2:17  Drone  
  28  2:24  Drone  
  28  2:28  Drone  
  30  2:36  Drone  
  31  2:41  Baneling Nest  
  31  2:43  Evolution Chamber  
  29  2:46  Drone  
  29  2:47  Drone  
  29  2:49  Overlord  
  31  3:05  Drone x3  
  34  3:10  Overlord  
  34  3:19  Pneumatized Carapace  
  34  3:23  Drone x5  
  34  3:24  Drone  
  40  3:28  Baneling  
  40  3:38  Baneling  
  40  3:45  Zergling x6  
  43  3:50  Baneling  
  43  3:56  Baneling  
  43  4:03  Extractor, Drone  
  43  4:04  Drone  
  43  4:05  Drone x2  
  43  4:06  Drone  
  43  4:07  Drone x2  
  49  4:18  Zergling x4  
  49  4:19  Hatchery  
  49  4:43  Overlord x2  
  49  4:44  Overlord  
  48  4:49  Lair  
  48  5:01  Baneling x2  
  48  5:02  Baneling x2  
  48  5:07  Zergling x12  
  49  5:10  Zerg Melee Weapons Level 1  
  49  5:11  Queen  
  56  5:29  Drone x6  
  62  5:37  Zergling x2  
  62  5:38  Zergling x12  
  69  5:48  Hydralisk Den  
  68  5:55  Queen x2  
  72  5:59  Drone x2  
  72  6:01  Overlord x3  
  74  6:07  Centrifical Hooks  
  74  6:20  Muscular Augments  
  74  6:23  Spore Crawler  
  74  6:25  Drone x3, Spore Crawler  
  73  6:26  Drone x9  
  73  6:31  Extractor  
  83  6:45  Extractor  
  82  6:59  Baneling x5  
  82  7:00  Baneling  
  82  7:07  Zerg Missile Weapons Level 1  
  82  7:10  Drone x3  
  82  7:15  Hydralisk  
  85  7:20  Drone  
  85  7:21  Drone x2  
  90  7:27  Spine Crawler  
  89  7:37  Queen  
  89  7:38  Queen  
  89  7:39  Queen  
  77  7:48  Hatchery  
  76  7:58  Hydralisk x5  
  76  7:59  Hydralisk x2  
  76  8:05  Overlord x4  
  90  8:45  Hydralisk x12  
  114  8:49  Zergling x6  
  114  8:50  Zergling x10  
  122  8:58  Overlord x2  
  122  8:59  Overlord x2  
  122  9:23  Drone x12  
  122  9:24  Drone  
  135  9:28  Zerg Missile Weapons Level 2  
  135  9:33  Infestation Pit, Drone, Hydralisk x3  
  135  9:34  Hydralisk x2  
  135  9:37  Zergling x2  
  135  9:38  Zergling x8  
  148  9:39  Zergling x2  
  148  9:42  Queen  
  153  9:46  Baneling x4  
  153  9:47  Baneling x2  
  153  9:48  Zergling x10  
  153  9:49  Zergling x4  
  160  9:54  Overlord x6  
  160  10:08  Overlord x5  
  160  10:18  Queen  
  130  10:36  Hive  
  130  10:39  Zergling x2  
  130  10:40  Zergling x32  
  147  10:53  Pathogen Glands  
  147  10:58  Hatchery  
  146  11:16  Hydralisk x2  
  146  11:17  Hydralisk x12  
  165  11:48  Zergling x2, Hatchery  
  165  11:49  Zergling x34  
  170  11:57  Hatchery  
  139  12:02  Ultralisk Cavern  
  128  12:21  Hydralisk x2  
  128  12:22  Hydralisk x8  
  138  12:25  Zergling x24  
  150  12:33  Drone x7  
  157  12:41  Hydralisk  
  157  12:42  Hydralisk x2  
  163  12:46  Baneling x4  
  163  12:58  Extractor  
  162  13:01  Extractor  
  162  13:02  Extractor, Drone  
  162  13:03  Drone x2  
  162  13:04  Drone x3  
  166  13:08  Extractor, Drone x3  
  166  13:11  Drone x3  
  171  13:13  Hydralisk  
  171  13:14  Hydralisk x5  
  183  13:20  Queen  
  185  13:34  Baneling  
  185  13:35  Baneling x9  
  178  13:58  Ultralisk  
  184  14:15  Zergling x2  
  184  14:16  Zergling x46  
  167  14:35  Queen  
  162  14:43  Ultralisk x2  
  162  14:44  Ultralisk x3  
  180  14:56  Zergling x22  
  180  14:57  Zergling x10  
  167  15:03  Zergling x2  
  167  15:04  Zergling x2  
  159  15:08  Queen  
  161  15:26  Hatchery  
  161  15:28  Zerg Ground Armor Level 1  
  160  15:29  Chitinous Plating  
  160  15:38  Hydralisk  
  160  15:39  Hydralisk x17  
  160  15:42  Overlord x4  
  196  15:43  Overlord x7  
  196  15:44  Overlord x2  
  190  16:02  Hatchery  
  190  16:03  Zergling x4  
  190  16:04  Zergling x18  
  155  16:13  Zergling x14  
  155  16:14  Zergling x12  
  168  16:31  Hydralisk x4  
  168  16:32  Hydralisk x9  
  194  16:40  Zergling x12  
  200  17:01  Extractor x2  
  198  17:46  Queen  
Show
View Real Time Build Order
Export as new Build Order

A.I. 1 (Elite) Terran 

Build Orders: MMM Bio 

Get SALT Encoding   

  12  0:00  SCV  
  13  0:13  SCV  
  14  0:19  Supply Depot  
  14  0:25  SCV  
  15  0:41  SCV  
  15  0:42  Barracks  
  16  0:53  SCV  
  17  1:05  SCV  
  18  1:17  SCV  
  19  1:18  Supply Depot  
  19  1:23  Refinery  
  19  1:28  Marine  
  19  1:29  SCV  
  21  1:41  SCV  
  21  1:46  Marine  
  23  1:51  Barracks  
  23  1:53  SCV  
  24  1:55  Refinery  
  24  2:02  Supply Depot  
  24  2:04  Marine  
  24  2:05  Orbital Command  
  25  2:22  Marine  
  26  2:31  SCV  
  27  2:39  Marine  
  27  2:43  SCV  
  29  2:46  Command Center  
  29  3:02  Factory, SCV  
  29  3:05  Marine  
  30  3:09  Marine  
  32  3:14  SCV  
  33  3:23  Marine  
  33  3:26  SCV  
  33  3:27  Marine  
  36  3:39  SCV  
  37  3:45  Factory Tech Lab  
  37  3:51  SCV  
  38  3:57  Orbital Command, Marine x2, Starport  
  40  4:03  SCV  
  40  4:05  Supply Depot  
  41  4:15  SCV, Marine x2  
  44  4:20  Siege Tank  
  44  4:22  SCV  
  48  4:27  SCV  
  48  4:30  Supply Depot  
  49  4:32  Marine  
  49  4:34  SCV  
  49  4:38  Marine  
  52  4:39  SCV  
  52  4:47  SCV  
  52  4:51  Starport Tech Lab, SCV  
  54  4:59  SCV  
  55  5:00  Supply Depot  
  55  5:03  SCV  
  55  5:04  Barracks Tech Lab  
  56  5:11  SCV  
  57  5:23  Engineering Bay  
  57  5:26  Marauder, Stimpack  
  58  5:30  Command Center  
  58  5:48  Marauder  
  60  5:50  Terran Infantry Armor Level 1  
  60  5:55  Engineering Bay  
  60  6:01  Barracks, Barracks Tech Lab  
  60  6:03  Medivac  
  62  6:09  Marauder  
  64  6:18  Combat Shields  
  64  6:19  Marauder  
  64  6:20  Terran Infantry Weapons Level 1  
  64  6:22  Supply Depot  
  66  6:30  Marauder  
  68  6:33  Viking  
  70  6:40  Marine  
  70  6:42  SCV  
  70  6:45  Refinery  
  72  6:47  Marine  
  72  6:52  Marauder  
  75  6:58  Marauder  
  77  7:03  Medivac  
  77  7:06  Barracks Reactor, Refinery  
  77  7:08  SCV x3  
  82  7:13  Marauder  
  84  7:17  Missile Turret  
  84  7:19  Marauder, Missile Turret  
  84  7:21  Orbital Command  
  86  7:26  Concussive Shells  
  85  7:34  Marauder, Command Center  
  87  7:37  SCV  
  87  7:39  SCV  
  87  7:42  Marine x2  
  77  7:44  Marine  
  78  7:55  Marine  
  79  8:00  Marine, Marauder  
  79  8:02  Marine  
  79  8:03  Barracks  
  83  8:11  Medivac  
  85  8:13  Marine  
  85  8:18  Marine  
  87  8:20  Marine  
  87  8:22  Marauder  
  90  8:28  Armory  
  90  8:33  Supply Depot  
  90  8:35  Marauder  
  92  8:43  Marauder  
  92  8:46  Medivac  
  96  8:48  SCV  
  96  8:51  SCV  
  96  8:53  SCV  
  99  8:56  SCV  
  99  9:00  SCV  
  101  9:03  SCV  
  101  9:05  SCV  
  101  9:08  SCV  
  104  9:12  SCV  
  104  9:15  Terran Infantry Weapons Level 2, SCV  
  106  9:18  SCV  
  106  9:20  SCV  
  108  9:25  SCV  
  108  9:27  Marine, SCV  
  108  9:28  Viking  
  108  9:30  SCV  
  114  9:31  Supply Depot  
  114  9:32  Planetary Fortress  
  114  9:37  SCV, Missile Turret  
  115  9:39  SCV  
  116  9:47  Command Center  
  116  9:52  Marine  
  117  9:53  Missile Turret  
  117  9:56  Supply Depot, Marine  
  117  9:57  Marine  
  119  10:02  Viking  
  121  10:10  Marauder  
  123  10:14  Marauder  
  123  10:15  Missile Turret  
  123  10:18  Hellion  
  123  10:19  Marine  
  123  10:21  Marine  
  115  10:22  Marine  
  115  10:23  Supply Depot  
  96  10:31  Marine  
  96  10:32  Viking  
  96  10:35  Marine  
  80  10:37  Marine  
  80  10:39  Siege Tank, Marine  
  80  10:40  Marine  
  87  10:49  Marine  
  88  10:54  Marauder  
  88  10:55  Marine  
  88  10:56  Marine  
  92  10:57  Marine  
  92  11:00  Terran Infantry Armor Level 2  
  92  11:02  Viking, SCV  
  92  11:03  SCV  
  97  11:05  SCV  
  97  11:06  SCV  
  97  11:07  SCV, Marauder  
  102  11:11  Siege Tank  
  102  11:13  Marine  
  102  11:14  Marine x2, SCV  
  102  11:15  Marine  
  102  11:16  SCV  
  102  11:18  SCV  
  111  11:19  SCV  
  100  11:26  SCV  
  100  11:28  SCV  
  100  11:29  Marauder  
  100  11:30  SCV  
  100  11:31  SCV  
  100  11:32  Medivac  
  109  11:33  Marauder  
  109  11:34  Terran Infantry Weapons Level 3  
  109  11:42  SCV  
  109  11:43  SCV, Siege Tank  
  109  11:44  SCV  
  109  11:46  SCV  
  116  11:50  Marauder  
  116  11:51  Command Center  
  116  11:53  Marine  
  119  11:54  SCV, Marauder  
  119  11:55  Marine  
  119  11:56  Marine, SCV  
  119  11:58  SCV  
  119  12:00  SCV  
  107  12:04  Medivac  
  107  12:06  SCV  
  106  12:09  SCV  
  106  12:10  SCV  
  106  12:11  Marine, Marauder  
  106  12:15  Siege Tank, Marine, Missile Turret  
  112  12:16  Marine x2  
  117  12:25  Missile Turret  
  117  12:29  Marine  
  118  12:33  SCV, Marine, Marauder  
  118  12:34  Marine x2  
  123  12:41  Supply Depot  
  123  12:45  Medivac  
  123  12:46  Missile Turret  
  123  12:47  Marine  
  123  12:48  Hellion  
  123  12:51  Marine x2  
  129  12:52  Marine  
  129  12:54  Marauder  
  133  13:04  Marine  
  134  13:06  Factory, Planetary Fortress  
  134  13:09  Hellion, Marine, Marauder  
  139  13:14  Terran Vehicle Weapons Level 1  
  139  13:15  Medivac  
  139  13:18  Supply Depot  
  141  13:28  Marauder  
  141  13:29  Armory  
  141  13:31  Hellion  
  141  13:34  Marauder  
  147  13:36  Marine  
  148  13:44  Supply Depot  
  148  13:45  Viking  
  150  13:48  Missile Turret  
  150  13:49  Hellion  
  150  13:50  Marauder  
  150  13:52  Hellion  
  150  13:54  SCV  
  135  14:13  Hellion  
  135  14:15  Raven, SCV, Terran Vehicle And Ship Armor Level 1  
  62  15:21  Command Center  
  15  16:19  SCV  
  15  16:25  Command Center  
  16  16:31  SCV  
    18:17  SCV  
Tags
 
Composition
MMM Bio
League
Platinum
Matchup
TvZ
Replay Pack
Pack 1
Spawn Locations
Cross Positions
Add a new tag
Caveats
  • Supply blocks, unpowered buildings, or Contaminate may cause inaccurate times.
  • Supply counts are checked every 10 seconds.